 Dungeon Crawl Stone Soup version 0.28.0 (webtiles) character file.

Game seed: 5662686115589555972

17 tizbic2 the Insei (level 2, 0/22 HPs)
             Began as a Demigod Transmuter on Feb 7, 2022.
             Succumbed to an adder's poison
             ... on level 2 of the Dungeon.
             The game lasted 00:03:50 (1094 turns).

tizbic2 the Insei (Demigod Transmuter)              Turns: 1094, Time: 00:03:50

Health: 0/22       AC:  5    Str: 11    XL:     2   Next: 30%
Magic:  7/7        EV: 10    Int: 15    God:
Gold:   6          SH:  0    Dex: 14    Spells: 3/4 levels left

rFire   . . .      SeeInvis .   c - +1 dagger
rCold   . . .      Faith    .   (no shield)
rNeg    . . .      Spirit   .   d - +0 ring mail
rPois   .          Reflect  .   (helmet currently unavailable)
rElec   .          Harm     .   (no cloak)
rCorr   .          Rampage  .   (no gloves)
Will    .....                   (boots currently unavailable)
Stlth   +.........              (no amulet)
HPRegen 0.07/turn               (no ring)
MPRegen 0.10/turn               (no ring)

@: lethally poisoned (0 -> -4), appendages (expiring)
A: horns 2, talons 2, high MP 1, forlorn, divine attributes
a: End Transformation


You were on level 2 of the Dungeon.
You had temporarily grown beastly horns and talons.
You visited 1 branch of the dungeon, and saw 2 of its levels.

You collected 6 gold pieces.

Inventory:

Hand Weapons
 c - a +1 dagger (weapon)
Missiles
 b - 60 stones (quivered)
Armour
 a - a +0 robe
 d - a +0 ring mail (worn)
Potions
 g - a potion of heal wounds {unknown}


   Skills:
 - Level 0.8 Fighting
 - Level 1.7 Dodging
 * Level 3.3 Unarmed Combat
 - Level 1.7 Spellcasting
 + Level 2.1 Transmutations


You had 3 spell levels left.
You knew the following spells:

 Your Spells              Type           Power      Damage    Failure   Level
a - Beastly Appendage     Tmut           14%        N/A       22%         1

Your spell library contained the following spells:

 Spells                   Type           Power      Damage    Failure   Level
 Wereblood                Tmut           7%         N/A       34%         2
 Spider Form              Tmut/Pois      4%         N/A       71%         3
 Ice Form                 Ice/Tmut       4%         N/A       98%         4


Dungeon Overview and Level Annotations

Branches:
Dungeon (2/15)


Innate Abilities, Weirdness & Mutations

You have temporarily grown beastly horns and talons.
You have an increased reservoir of magic. (+10% MP)
You shall have no god before yourself.
Your divine heritage dramatically boosts your attributes as you level up.


Message History

Your horns disappear.
Your talons disappear.
Casting: Beastly Appendage (safe; 22% risk of failure)
Confirm with . or Enter, or press ? or * to list all spells.
You grow a pair of large bovine horns.
Your feet morph into talons.
You barely miss the adder. The adder bites you but does no damage.
The adder closely misses you.
You completely miss the adder. You claw the adder.
The adder is lightly wounded.
The adder closely misses you.
You miss the adder.
The adder is lightly wounded.
The adder bites you.
You miss the adder. Your kick misses the adder.
The adder is lightly wounded.
Your transformation is almost over.
The adder bites you.
You are poisoned.
The adder poisons you! The adder bites you.
You are more poisoned.
The adder poisons you!
You hit the adder.
The adder is moderately wounded.
You feel sick. The adder closely misses you.
You hit the adder. Your punch misses the adder.
The adder is moderately wounded.
You feel sick. The adder bites you.
You are lethally poisoned!
The adder poisons you!
You hit the adder.
The adder is moderately wounded.
* * * LOW HITPOINT WARNING * * *
You feel very sick. The adder bites you but does no damage.
* * * LOW HITPOINT WARNING * * *
You feel sick. The adder misses you.
* * * LOW HITPOINT WARNING * * *
You feel sick.
* * * LOW HITPOINT WARNING * * *
You feel sick. The adder bites you but does no damage.
You die...

#......# #......##
#.......# #
#.......# .
####.##.## .#
#..r.##..###.##
#S##....≈≈≈...##
####........≈.....##
#.....@............#
#.##..≈..........≈..
#.#..≈§..........≈≈.
#...................
#........≈§≈≈≈≈.....
#.§§.§..≈§####≈≈....
#§§.....≈## #≈..r.
##≈§....≈# ≈....
#§.....≈#


You could see an adder.

Vanquished Creatures
  A dart slug (D:1)
  2 bats (D:1)
  An endoplasm (D:2)
  A giant cockroach (D:1)
  A goblin (D:1)
  A hobgoblin (D:2)
  2 ball pythons
  3 kobolds (D:1)
  2 rats (D:1)
14 creatures vanquished.

Notes
Turn   | Place    | Note
-------+----------+-------------------------------------------
     0 | D:1      | tizbic2 the Demigod Transmuter began the quest for the Orb.
     0 | D:1      | Reached XP level 1. HP: 15/15 MP: 5/5
   388 | D:1      | Reached skill level 3 in Unarmed Combat
   587 | D:1      | Reached XP level 2. HP: 6/22 MP: 5/7
  1093 | D:2      | HP: 1/22 [poisoned by an adder]
  1094 | D:2      | Succumbed to an adder's poison

Illustrated notes

Levels and vault maps discovered:
D:1:      sevenhm_arrival_forest_fort_large_2, layout_rooms,
          ebering_ecumenical_altar_hall, minmay_misc_feat_doors
D:2:      minmay_roachtagon, layout_rooms, kennysheep_decorative_pillar

Skill      XL: |  1 |
---------------+----+-----
Unarmed Combat | 3 |  3.3
Transmutations | 2 |  2.1
Fighting       | |  0.8
Dodging        | |  1.7
Spellcasting   | |  1.7

Action                   || total
-------------------------++-------
Melee: Dagger            ||    35
       Kick              ||     8
       Short sword       ||     4
       Headbutt          ||     3
 Cast: Beastly Appendage ||    14
  Use: Scroll            ||     3
Armor: Ring mail         ||    14
Dodge: Dodged            ||    21
